 Dungeon Crawl Stone Soup version 0.30-a0-4-ga7cffc901d (webtiles) character file.

Game seed: 4497122110381410380

886 drugrobin the Cutter (level 7, 0/56 HPs)
             Began as a Demigod Delver on Aug 20, 2022.
             Slain by a gnoll
             ... wielding a +0 spear
              (2 damage)
             ... on level 5 of the Dungeon on Aug 21, 2022.
             The game lasted 00:18:09 (6063 turns).

drugrobin the Cutter (Demigod Delver)               Turns: 6063, Time: 00:18:11

Health: 0/56       AC:  6    Str: 13    XL:     7   Next: 47%
Magic:  9/9        EV: 14    Int:  8    God:
Gold:   30         SH:  0    Dex: 30    Spells: 6/6 levels left

rFire   . . .      SeeInvis .    a - +1 short sword (protect)
rCold   . . .      Faith    .    (no shield)
rNeg    . . .      Spirit   .    w - +1 robe "Tarphogy" {Int-4 Dex+7}
rPois   .          Reflect  .    (no helmet)
rElec   .          Harm     .    (no cloak)
rCorr   .          Rampage  .    (no gloves)
Will    .....                    n - +2 pair of boots
Stlth   ++++......               (no amulet)
HPRegen 0.18/turn                (no ring)
MPRegen 0.11/turn                (no ring)

@: lethally poisoned (0 -> -6), flying
A: high MP 1, forlorn, divine attributes
a: no special abilities


You were on level 5 of the Dungeon.
You visited 1 branch of the dungeon, and saw 6 of its levels.
You also visited: Sewer.

You collected 192 gold pieces.
You spent 162 gold pieces at shops.

Inventory:

Hand Weapons
 a - a +1 short sword of protection (weapon)
 b - a +0 vampiric dagger
Missiles
 h - 18 poisoned darts (quivered)
 o - 5 atropa-tipped darts
Armour
 n - a +2 pair of boots (worn)
 w - the +1 robe "Tarphogy" (worn) {Int-4 Dex+7}
   (You found it on level 2 of the Dungeon)

   Int:       It affects your intelligence (-4).
   Dex:       It affects your dexterity (+7).
Magical Staves
 r - a staff of death
Wands
 d - a wand of light (2)
 g - a wand of digging (1)
Scrolls
 c - 3 scrolls of fog
 e - a scroll of fear
 j - a scroll of teleportation
 k - a scroll of poison
 t - 2 scrolls of vulnerability
 u - a scroll of enchant weapon
 x - a scroll of silence {unknown}
 y - a scroll of immolation {unknown}
 A - a scroll of amnesia {unknown}
 C - a scroll of enchant armour {unknown}
Potions
 f - 3 potions of haste
 i - 2 potions of magic
 l - a potion of resistance
 m - 2 potions of lignification
 q - a potion of might
 v - a potion of experience
 z - a potion of flight
 B - 2 potions of curing {unknown}


   Skills:
 - Level 2.6 Fighting
 + Level 6.5 Short Blades
 + Level 2.3 Dodging
 - Level 6.3 Stealth
 - Level 2.2 Evocations


You had 6 spell levels left.
You didn't know any spells.
Your spell library contained the following spells:

 Spells                   Type           Power      Damage    Failure   Level
 Dazzling Flash           Conj/Hex       0%         N/A       78%         3
 Gell's Gravitas          Tloc           0%         N/A       78%         3
 Lesser Beckoning         Tloc           0%         N/A       78%         3
 Teleport Other           Tloc           0%         N/A       78%         3
 Agony                    Necr           0%         N/A       100%        5
 Silence                  Hex/Air        0%         N/A       100%        5


Dungeon Overview and Level Annotations

Branches:
Dungeon (6/15)              Sewer (visited)
 Temple: D:4-7

Shops:
D:1 *

Annotations:
D:5 2 transporters, Prince Ribbit; Stellion's ghost, novice DESu


Innate Abilities, Weirdness & Mutations

You have an increased reservoir of magic. (+10% MP)
You shall have no god before yourself.
Your divine heritage dramatically boosts your attributes as you level up.


Message History

The gnoll sergeant is severely wounded.
The javelin barely misses the gnoll bouda.
You feel very sick. The gnoll sergeant barely misses you.
The gnoll bouda calls upon its god to heal the gnoll.
The gnoll is healed somewhat.
The gnoll sergeant hits you from afar with a +1 spear of venom.
* * * LOW HITPOINT WARNING * * *
You are lethally poisoned!
Unknown command.
Unknown command.
Unknown command.
Unknown command.
Unknown command.
Aiming: Bolt of Light
Press: ? - help, Shift-Dir - straight line, f/p - gnoll bouda
Aim: a gnoll bouda, wielding a +0 whip and wearing a +0 robe (lightly wounded, 75% to hit)
The bolt of light hits the gnoll sergeant!
You kill the gnoll sergeant!
The bolt of light misses the gnoll bouda.
* * * LOW HITPOINT WARNING * * *
You feel very sick.
Unknown command.
Unknown command.
Unknown command.
Unknown command.
It was a potion of cancellation.
Your magical effects are unravelling.
You feel magically purged.
Your attacks no longer feel as feeble.
* * * LOW HITPOINT WARNING * * *
You feel sick. The gnoll barely misses you.
Unknown command.
It was a potion of flight.
You feel very buoyant.
You fly up into the air.
* * * LOW HITPOINT WARNING * * *
You feel sick.
The gnoll hits you from afar with a +0 spear.
You die...

.###............##♣..)♣#######
.# #.....†.....##♣♣...♣♣ .#
#..........## ♣.....♣ .#
#..........# ♣♣)..♣.♣♣ >#
#).).......#♣♣(.♣....♣♣ .#
############♣gg.g....)♣ .#
♣g###'###.♣ .# ♣)#.....#.♣ ##
♣@#.....#.♣ .# ♣♣#..)..#♣♣ .#
###.### .# ### .# .# ## # #


You could see a gnoll bouda and 2 gnolls.

Vanquished Creatures
  A phantom (D:4)
  A necrophage (D:6)
  A gnoll sergeant (D:5)
  3 hounds
  4 jellies (Sewer)
  2 orc priests
  3 orc wizards
  13 gnolls
  5 adders
  A river rat (Sewer)
  A white imp (D:5)
  An ufetubus (D:5)
  3 worms
  4 dart slugs
  11 orcs
  6 ball pythons
  11 bats
  21 endoplasms
  4 giant cockroaches
  9 goblins
  10 hobgoblins
  3 jackals (D:4)
  8 kobolds
  7 quokkas
  7 frilled lizards
  11 rats
151 creatures vanquished.

Notes
Turn   | Place    | Note
-------+----------+-------------------------------------------
     0 | D:5      | drugrobin the Demigod Delver began the quest for the Orb.
     0 | D:5      | Reached XP level 1. HP: 18/18 MP: 3/3
     2 | D:5      | Found a transporter.
    50 | D:5      | Found a transporter.
    51 | D:5      | Noticed Stellion's ghost (novice DESu)
    51 | D:5      | Noticed a quasit
    51 | D:5      | Noticed a quasit
   111 | D:5      | Found a glowing drain.
   116 | Sewer    | Entered a sewer
   614 | Sewer    | Reached XP level 2. HP: 6/25 MP: 4/4
   970 | Sewer    | Reached skill level 1 in Evocations
   970 | Sewer    | Reached XP level 3. HP: 21/30 MP: 5/5
  1085 | Sewer    | Reached XP level 4. HP: 23/37 MP: 6/6
  1347 | Sewer    | Reached XP level 5. HP: 37/42 MP: 7/7
  1638 | D:5      | Noticed Prince Ribbit
  1938 | D:5      | Reached skill level 5 in Short Blades
  2202 | D:6      | Reached skill level 5 in Stealth
  2202 | D:6      | Reached XP level 6. HP: 28/50 MP: 8/8
  2802 | D:1      | Found Mynguan's Assorted Antiques.
  3131 | D:1      | Noticed a green death
  3856 | D:2      | Identified the +1 robe "Tarphogy" {Int-4 Dex+7}
  5089 | D:4      | Reached XP level 7. HP: 42/56 MP: 9/9
  5573 | D:1      | Bought an inky potion for 25 gold pieces
  5573 | D:1      | Bought a scroll of fog for 112 gold pieces
  5573 | D:1      | Bought an inky potion for 25 gold pieces
  6042 | D:5      | Found the +3 woodcutter's axe {vorpal}
  6063 | D:5      | HP: 2/56 [poisoned by a gnoll sergeant]
  6063 | D:5      | Slain by a gnoll

Illustrated notes

Levels and vault maps discovered:
D:1:      elethiomel_arrival_diamonds, layout_loops_cross,
          dreamdust_ecumenical_altar_sealed_demon, serial_shops, shop,
          nrook_mini_backslash
D:2:      cheibrodos_old_hovel, layout_basic, minmay_misc_feat_more_columns,
          minmay_shallow_snake_nest
D:3:      layout_loops_ring, mainiacjoe_overflow_alcove_1
D:4:      layout_rooms, mainiacjoe_overflow_six_doors_small
D:5:      layout_basic, nicolae_overflow_quartered_altars, gup_sewer_entry_bowl,
          gammafunk_ghost_stat_death, amcnicky_mini_pool_small,
          pf_guarded_unrand_woodcutter, uniq_prince_ribbit1
D:6:      layout_rooms, nicolae_hepliaklqana_ecumenical_no_more,
          nicolae_overflow_crystal_walls, lemuel_crystal_altar, serial_shops,
          nicolae_diamond_shop, minmay_a_box_with_orc_wizards_in_it

Skill      XL: |  1  2  3  4  5  6  7 |
---------------+----------------------+-----
Short Blades   | 2 3 4 5 6 |  6.5
Evocations     | 1 2 |  2.2
Stealth        | 5 6 |  6.3
Dodging        | 2 |  2.3
Fighting       | |  2.6

Action                   |  1- 3 |  4- 6 |  7- 9 || total
-------------------------+-------+-------+-------++-------
Melee: Short sword       |    68 |   349 |    98 ||   515
       Punch             |     1 |     4 |     2 ||     7
       Dagger            |       |       |    24 ||    24
Throw: Javelin           |       |     2 |     5 ||     7
Evoke: Wand              |     5 |     7 |     1 ||    13
  Use: Scroll            |     1 |     9 |     1 ||    11
       Potion            |       |     1 |     2 ||     3
 Stab: Sleeping          |     1 |    32 |       ||    33
       Distracted        |       |       |     1 ||     1
Armor: Leather armour    |     9 |    60 |       ||    69
       Robe              |       |    33 |    36 ||    69
Dodge: Dodged            |    30 |   201 |    82 ||   313

Table legend: (Time is in decaauts)
 A = Elapsed time spent in this place.
 B = Non-inter-level travel time spent in this place.
 C = Inter-level travel time spent in this place.
 D = Time resting spent in this place.
 E = Time spent auto-exploring this place.
 F = Levels seen in this place.
 G = Mean time per level.
                   A        B        C        D        E       F      G
               +--------+--------+--------+--------+--------+-----+--------+
         Total |   6033 |   5742 |    291 |   1483 |   2199 |   7 |  861.9 |
       Dungeon |   4479 |   4188 |    291 |    501 |   1991 |   6 |  746.5 |
         Sewer |   1553 |   1553 |      0 |    982 |    208 |   1 | 1553.0 |
               +--------+--------+--------+--------+--------+-----+--------+

Top non-repeatable levels by time:
   Sewer: 1553 daAuts
     D:4: 1007 daAuts
     D:3: 918 daAuts
     D:1: 850 daAuts
     D:2: 775 daAuts
     D:5: 770 daAuts
     D:6: 157 daAuts
